WCHLSIM.com - West Coast Hockey League
html PUBLIC "-//W3C//DTD XHTML 1.0 Transitional//EN" "http://www.w3.org/TR/xhtml1/DTD/xhtml1-transitional.dtd"> WCHL - Game 615 - SAN DIEGO THUNDER vs BANFF WOLVES

SAN DIEGO THUNDER vs BANFF WOLVES

Created - 7 janvier 2024 at 21:18

Goals
1 2 3 T
SAN DIEGO THUNDER 0 0 0 0
BANFF WOLVES 3 1 2 6
Shots
1 2 3 T
SAN DIEGO THUNDER 3 9 9 21
BANFF WOLVES 14 12 8 34

1st period

1. BANFF WOLVES , Quinton Hughes 8 (Joel Eriksson Ek 24) at 4:37 (PP)
2. BANFF WOLVES , Tyler Toffoli 17 (Quinton Hughes 28, John Tavares 18) at 13:11
3. BANFF WOLVES , Tyler Toffoli 18 (John Tavares 19, Jordan Staal 10) at 18:21

Penalties :
Alexandre Carrier (SDG) for Hooking (Minor) at 3:53, Charles McAvoy (SDG) for Hooking (Minor) at 13:20, Derek Forbort (SDG) for Hooking (Minor) at 19:40

2nd period

4. BANFF WOLVES , Elias Lindholm 24 (Quinton Hughes 29, Roope Hintz 14) at 12:00

Penalties :
Charles McAvoy (SDG) for Hooking (Minor) at 4:58, Simon Benoit (BAN) for Delaying the game (Minor) at 8:22, Miro Heiskanen (BAN) for Tripping (Minor) at 13:11, Mark Kastelic (SDG) for Holding (Minor) at 15:17, Timo Meier (BAN) for Cross-checking (Minor) at 16:10

3rd period

5. BANFF WOLVES , John Tavares 16 (Ian Cole 4, Quinton Hughes 30) at 3:18
6. BANFF WOLVES , John Tavares 17 (Jordan Staal 11, Tyler Toffoli 15) at 6:13

Penalties :
Connor Murphy (SDG) for Hooking (Minor) at 0:54, Timo Meier (BAN) for Holding (Minor) at 13:07

Goalie Stats

Connor Hellebuyck (SDG), 26 saves from 32 shots - (0,813), L, 11-16-3, 46:13 minutes
Matt Villalta (SDG), 2 saves from 2 shots - (1,000), 13:47 minutes
Jordan Binnington (BAN), 21 saves from 21 shots - (1,000), W, 17-4-3, 60:00 minutes

Players Stats for SAN DIEGO THUNDER

Player Name              G  A  P  +/- PIM S  H  SB GA TA FO     MP     PP MP  PK MP  
------------------------------------------------------------------------------------
Adam Boqvist             0  0  0  -2  0   1  1  0  0  0  0/0    13:11   0:00   1:18 
Alexandre Carrier        0  0  0  -2  2   0  2  2  0  0  0/0    14:54   0:00   3:02 
Charles McAvoy           0  0  0  -1  4   5  4  1  0  0  0/0    22:23   2:42   4:07 
Connor Murphy            0  0  0  -2  2   0  4  1  0  0  0/0    22:26   4:08   2:11 
Denis Malgin             0  0  0   0  0   0  0  0  0  0  0/0     0:00   0:00   0:00 
Derek Forbort            0  0  0  -2  2   0  3  0  0  0  0/0    21:45   4:08   1:30 
Drake Batherson          0  0  0   0  0   2  0  0  0  0  4/30   22:29   2:57   5:42 
Elmer Soderblom          0  0  0  -2  0   0  0  0  0  0  0/0    11:27   2:57   0:00 
Erik Cernak              0  0  0  -1  0   1  2  1  0  0  0/0    24:34   2:42   6:16 
Filip Zadina             0  0  0  -2  0   0  0  0  0  0  0/2    16:06   0:00   0:00 
Frank Vatrano            0  0  0  -3  0   4  2  0  0  0  0/0    17:53   3:53   0:42 
Isac Lundestrom          0  0  0  -3  0   0  0  1  0  0  1/1    17:11   3:53   0:00 
Jake Neighbours          0  0  0   0  0   0  2  0  0  0  1/1    12:37   0:00   0:12 
Joel Farabee             0  0  0   0  0   1  1  0  0  0  3/7    19:24   2:57   3:39 
Mark Kastelic            0  0  0   0  2   2  3  0  0  0  5/7     9:00   0:00   0:00 
Michael Pezzetta         0  0  0   0  0   0  0  0  0  0  0/0     9:01   0:00   0:00 
Steven Lorentz           0  0  0  -2  0   1  0  0  0  0  4/7    13:41   0:00   5:54 
Wyatt Johnston           0  0  0  -3  0   4  0  0  0  0  5/17   21:13   3:53   3:39 

Players Stats for BANFF WOLVES

Player Name              G  A  P  +/- PIM S  H  SB GA TA FO     MP     PP MP  PK MP  
------------------------------------------------------------------------------------
Adam Henrique            0  0  0   0  0   2  0  0  0  0  0/0    22:52   6:01   2:55 
Brogan Rafferty          0  0  0   2  0   0  0  0  0  0  0/0    11:29   0:00   0:08 
Cam Fowler               0  0  0   0  0   0  0  0  0  0  0/0    20:06   0:00   3:52 
Elias Lindholm           1  0  1   1  0   3  1  0  0  0  23/26  22:34   5:16   2:55 
Eric Staal               0  0  0   0  0   0  1  0  0  0  0/0     1:53   0:00   0:00 
Ian Cole                 0  1  1   3  0   1  0  1  0  0  0/0    19:57   0:00   3:55 
Jason Dickinson          0  0  0   0  0   4  0  0  0  0  0/0     5:48   0:00   3:55 
Joel Eriksson Ek         0  1  1   0  0   5  1  0  0  0  15/28  22:46   4:17   3:55 
John Tavares             2  2  4   4  0   5  0  0  0  0  0/1    18:36   4:17   0:00 
Jordan Staal             0  2  2   4  0   2  2  0  0  0  9/12   14:19   0:00   0:00 
Logan O'Connor           0  0  0   0  0   0  0  0  0  0  0/0     0:00   0:00   0:00 
Mats Zuccarello          0  0  0   1  0   2  2  0  0  0  1/1    19:06   5:16   0:00 
Miro Heiskanen           0  0  0   0  2   0  0  1  0  0  0/0    22:17   3:32   2:32 
Quinton Hughes           1  3  4   3  0   2  0  2  0  0  0/0    25:16   6:01   3:13 
Roope Hintz              0  1  1   1  0   1  1  0  0  0  0/0    16:55   3:32   0:00 
Simon Benoit             0  0  0   2  2   0  0  1  0  0  0/0    11:20   0:00   0:00 
Timo Meier               0  0  0   0  4   4  5  0  0  0  0/2    17:11   4:16   0:00 
Tyler Toffoli            2  1  3   4  0   3  0  0  0  0  1/2    19:35   5:16   0:00 

3 Stars

1 - John Tavares (BAN)
2 - Tyler Toffoli (BAN)
3 - Quinton Hughes (BAN)

Power Play

SAN DIEGO THUNDER - 0 on 4 Attempt(s) - 0,00%
BANFF WOLVES - 1 on 6 Attempt(s) - 16,67%

Penalty Kill

SAN DIEGO THUNDER - 5 on 6 Attempt(s) - 83,33% - Score 0 goal in Penalty Kill
BANFF WOLVES - 4 on 4 Attempt(s) - 100,00% - Score 0 goal in Penalty Kill

Team Stat

SAN DIEGO THUNDER - Hits : 24 - Faceoff Wins : 23 - Blocked Shots : 6 - Penalty Minutes : 12
BANFF WOLVES - Hits : 13 - Faceoff Wins : 49 - Blocked Shots : 5 - Penalty Minutes : 8

Official

Referees : Trevor Hanson and Ryan Hersey
Linesman : Pierre Racicot and Scott Cherrey

Game Notes

Matt Villalta enters game at 6:13 of 3rd period

Finance

Level 1 -- Attendance: 7050 (100,00%) -- Ticket Income 881 250 $
Level 2 -- Attendance: 5354 (89,89%) -- Ticket Income 535 400 $
Level 3 -- Attendance: 2340 (100,00%) -- Ticket Income 140 400 $
Level 4 -- Attendance: 4267 (85,34%) -- Ticket Income 192 015 $
Luxury Box -- Attendance: 919 (86,29%) -- Ticket Income 252 725 $
Game was played at the Rocky Mountains Sports Complex.
Total Attendance: 19930 (93,08%)
Total Ticket Income: 2 001 790 $
Other Expense: 20 018 $
Total Income: 1 981 772 $

SAN DIEGO THUNDER

5 vs 5 Forward 
   Center                   Left Wing                Right Wing               Time % Phy DF OF 
 1 Wyatt Johnston           Isac Lundestrom          Frank Vatrano            36     1   1  3  
 2 Drake Batherson          Jake Neighbours          Joel Farabee             31     1   1  3  
 3 Steven Lorentz           Elmer Soderblom          Filip Zadina             23     1   1  3  
 4 Mark Kastelic            Michael Pezzetta         Filip Zadina             10     1   1  3  

5 vs 5 Defense 
   Defense                  Defense                                           Time % Phy DF OF 
 1 Charles McAvoy           Erik Cernak                                       36     1   2  2  
 2 Connor Murphy            Derek Forbort                                     31     1   2  2  
 3 Adam Boqvist             Alexandre Carrier                                 23     1   2  2  
 4 Charles McAvoy           Erik Cernak                                       10     1   2  2  

PowerPlay Forward 
   Center                   Left Wing                Right Wing               Time % Phy DF OF 
 1 Drake Batherson          Elmer Soderblom          Joel Farabee             55     0   1  4  
 2 Wyatt Johnston           Isac Lundestrom          Frank Vatrano            45     0   1  4  

PowerPlay Defense
   Defense                  Defense                                           Time % Phy DF OF 
 1 Charles McAvoy           Erik Cernak                                       55     1   2  2  
 2 Connor Murphy            Derek Forbort                                     45     1   2  2  

Penalty Kill 4 Players Forward 
   Center                   Wing                     Time % Phy DF OF 
 1 Drake Batherson          Steven Lorentz           55     1   2  2  
 2 Joel Farabee             Wyatt Johnston           45     1   2  2  

Penalty Kill 4 Players Defense
   Defense                  Defense                  Time % Phy DF OF 
 1 Charles McAvoy           Erik Cernak              55     1   2  2  
 2 Connor Murphy            Derek Forbort            45     1   2  2  

Penalty Kill - 3 Players Forward 
   Forward                                           Time % Phy DF OF 
 1 Drake Batherson                                   55     1   2  2  
 2 Steven Lorentz                                    45     1   2  2  

Penalty Kill - 3 Players Defense
   Defense                  Defense                  Time % Phy DF OF 
 1 Charles McAvoy           Erik Cernak              55     1   2  2  
 2 Connor Murphy            Derek Forbort            45     1   2  2  

4 vs 4 Forward 
   Center                   Wing                     Time % Phy DF OF 
 1 Drake Batherson          Elmer Soderblom          55     1   2  2  
 2 Joel Farabee             Wyatt Johnston           45     1   2  2  

4 vs 4 Defense
   Defense                  Defense                  Time % Phy DF OF 
 1 Charles McAvoy           Erik Cernak              55     1   2  2  
 2 Connor Murphy            Derek Forbort            45     1   2  2  

Last Minutes Offensive
   Center                   Left Wing                Right Wing               Defense                  Defense                  
   Drake Batherson          Jake Neighbours          Joel Farabee             Charles McAvoy           Erik Cernak              

Last Minutes Defensive
   Center                   Left Wing                Right Wing               Defense                  Defense                  
   Drake Batherson          Jake Neighbours          Joel Farabee             Charles McAvoy           Erik Cernak              

Goaltenders
Starting : Connor Hellebuyck        
Backup : Matt Villalta            

Extra Forwards
Normal : Mark Kastelic, Steven Lorentz, Jake Neighbours - PP : Mark Kastelic, Steven Lorentz - PK : Jake Neighbours
Extra Defensemen
Normal : Adam Boqvist, Alexandre Carrier, Connor Murphy - PP : Adam Boqvist - PK : Alexandre Carrier, Connor Murphy
Penalty Shots
Drake Batherson, Jake Neighbours, Joel Farabee, Wyatt Johnston, Isac Lundestrom
Custom OT Lines Forwards
Drake Batherson, Jake Neighbours, Joel Farabee, Wyatt Johnston, Isac Lundestrom, Steven Lorentz, Elmer Soderblom, Filip Zadina, Denis Malgin, Mark Kastelic
Custom OT Lines Defensemen
Charles McAvoy, Erik Cernak, Connor Murphy, Derek Forbort, Adam Boqvist

Scratches
Luke Kunin (Right Hand Injury), Evander Kane (Healthy), Akira Schmid (Back Spasms Injury)

BANFF WOLVES

5 vs 5 Forward 
   Center                   Left Wing                Right Wing               Time % Phy DF OF 
 1 Elias Lindholm           Roope Hintz              Mats Zuccarello          34     0   1  4  
 2 Joel Eriksson Ek         Adam Henrique            Timo Meier               32     0   1  4  
 3 Jordan Staal             John Tavares             Tyler Toffoli            29     0   1  4  
 4 Joel Eriksson Ek         Jason Dickinson          Eric Staal               5      0   4  1  

5 vs 5 Defense 
   Defense                  Defense                                           Time % Phy DF OF 
 1 Quinton Hughes           Ian Cole                                          41     0   1  4  
 2 Miro Heiskanen           Cam Fowler                                        41     0   1  4  
 3 Brogan Rafferty          Simon Benoit                                      9      1   3  1  
 4 Quinton Hughes           Miro Heiskanen                                    9      0   0  5  

PowerPlay Forward 
   Center                   Left Wing                Right Wing               Time % Phy DF OF 
 1 Elias Lindholm           Tyler Toffoli            Mats Zuccarello          60     0   0  5  
 2 Joel Eriksson Ek         John Tavares             Timo Meier               40     0   0  5  

PowerPlay Defense
   Defense                  Defense                                           Time % Phy DF OF 
 1 Quinton Hughes           Adam Henrique                                     60     0   0  5  
 2 Miro Heiskanen           Roope Hintz                                       40     0   0  5  

Penalty Kill 4 Players Forward 
   Center                   Wing                     Time % Phy DF OF 
 1 Joel Eriksson Ek         Jason Dickinson          50     0   5  0  
 2 Elias Lindholm           Adam Henrique            50     0   5  0  

Penalty Kill 4 Players Defense
   Defense                  Defense                  Time % Phy DF OF 
 1 Miro Heiskanen           Ian Cole                 50     0   5  0  
 2 Quinton Hughes           Cam Fowler               50     0   5  0  

Penalty Kill - 3 Players Forward 
   Forward                                           Time % Phy DF OF 
 1 Elias Lindholm                                    50     0   5  0  
 2 Adam Henrique                                     50     0   5  0  

Penalty Kill - 3 Players Defense
   Defense                  Defense                  Time % Phy DF OF 
 1 Cam Fowler               Ian Cole                 50     0   5  0  
 2 Quinton Hughes           Miro Heiskanen           50     0   5  0  

4 vs 4 Forward 
   Center                   Wing                     Time % Phy DF OF 
 1 Elias Lindholm           Adam Henrique            55     0   1  4  
 2 Joel Eriksson Ek         Mats Zuccarello          45     0   1  4  

4 vs 4 Defense
   Defense                  Defense                  Time % Phy DF OF 
 1 Miro Heiskanen           Cam Fowler               55     0   1  4  
 2 Quinton Hughes           Ian Cole                 45     0   1  4  

Last Minutes Offensive
   Center                   Left Wing                Right Wing               Defense                  Defense                  
   Elias Lindholm           John Tavares             Mats Zuccarello          Quinton Hughes           Miro Heiskanen           

Last Minutes Defensive
   Center                   Left Wing                Right Wing               Defense                  Defense                  
   Elias Lindholm           Adam Henrique            Mats Zuccarello          Cam Fowler               Miro Heiskanen           

Goaltenders
Starting : Jordan Binnington        
Backup : Jeremy Swayman           

Extra Forwards
Normal : John Tavares, Mats Zuccarello, Elias Lindholm - PP : Mats Zuccarello, John Tavares - PK : John Tavares
Extra Defensemen
Normal : Quinton Hughes, Miro Heiskanen, Cam Fowler - PP : Quinton Hughes - PK : Quinton Hughes, Miro Heiskanen
Penalty Shots
John Tavares, Mats Zuccarello, Elias Lindholm, Roope Hintz, Joel Eriksson Ek
Custom OT Lines Forwards
John Tavares, Mats Zuccarello, Elias Lindholm, Roope Hintz, Joel Eriksson Ek, Adam Henrique, Tyler Toffoli, Jason Dickinson, Timo Meier, Jordan Staal
Custom OT Lines Defensemen
Quinton Hughes, Cam Fowler, Miro Heiskanen, Ian Cole, Simon Benoit

Scratches
Adam Erne (Healthy), Nick Leddy (Broken Bone (Right Leg) Injury), Roman Josi (Bruised Left Shoulder Injury)

% Time on Ice - SAN DIEGO THUNDER

Lines # - Real PCT - Wanted PCT - Time Play
Normal Forward
1 - 31% - 36% - 13:18
2 - 29% - 31% - 12:25
3 - 18% - 23% - 7:47
4 - 21% - 10% - 9:01
Normal Defense
1 - 35% - 36% - 14:44
2 - 36% - 31% - 15:25
3 - 28% - 23% - 11:53
4 - 1% - 10% - 0:29
PP Forward
1 - 43% - 55% - 2:57
2 - 57% - 45% - 3:53
PP Defense
1 - 40% - 55% - 2:42
2 - 60% - 45% - 4:08
PK Forward
1 - 62% - 55% - 5:54
2 - 38% - 45% - 3:39
PK Defense
1 - 79% - 55% - 7:34
2 - 21% - 45% - 1:59
PK3 Forward
1 - 0% - 55%
2 - 0% - 45%
PK3 Defense
1 - 0% - 55%
2 - 0% - 45%
44 Forward
1 - 65% - 55% - 0:43
2 - 35% - 45% - 0:23
44 Defense
1 - 35% - 55% - 0:23
2 - 65% - 45% - 0:43
Last Minute Offensive  - 0:00
Last Minute Defensive  - 0:00
Total
Forward - 60:00
Defense - 60:00

% Time on Ice - BANFF WOLVES

Lines # - Real PCT - Wanted PCT - Time Play
Normal Forward
1 - 31% - 34% - 13:23
2 - 30% - 32% - 12:56
3 - 34% - 29% - 14:19
4 - 4% - 5% - 1:53
Normal Defense
1 - 37% - 41% - 15:56
2 - 36% - 41% - 15:14
3 - 27% - 9% - 11:21
4 - 0% - 9% - 0:00
PP Forward
1 - 55% - 60% - 5:16
2 - 45% - 40% - 4:17
PP Defense
1 - 63% - 60% - 6:01
2 - 37% - 40% - 3:32
PK Forward
1 - 57% - 50% - 3:55
2 - 43% - 50% - 2:55
PK Defense
1 - 59% - 50% - 4:03
2 - 41% - 50% - 2:47
PK3 Forward
1 - 0% - 50%
2 - 0% - 50%
PK3 Defense
1 - 0% - 50%
2 - 0% - 50%
44 Forward
1 - 91% - 55% - 1:00
2 - 9% - 45% - 0:06
44 Defense
1 - 91% - 55% - 1:00
2 - 9% - 45% - 0:06
Last Minute Offensive  - 0:00
Last Minute Defensive  - 0:00
Total
Forward - 60:00
Defense - 60:00

Play-by-Play

1st period


0:01 of 1st period - Elias Lindholm wins face-off versus Wyatt Johnston in neutral zone.
0:10 of 1st period - Shot by Elias Lindholm.
0:10 of 1st period - Shot Misses the Net.
1:37 of 1st period - Shot by Joel Eriksson Ek.
1:37 of 1st period - Shot Misses the Net.
2:06 of 1st period - Icing by Derek Forbort.
2:07 of 1st period - Jordan Staal wins face-off versus Drake Batherson in SAN DIEGO THUNDER zone.
2:10 of 1st period - Shot by John Tavares.
2:10 of 1st period - Shot Misses the Net.
3:00 of 1st period - Icing by Alexandre Carrier.
3:01 of 1st period - Elias Lindholm wins face-off versus Filip Zadina in SAN DIEGO THUNDER zone.
3:17 of 1st period - Off-side.
3:18 of 1st period - Isac Lundestrom wins face-off versus Joel Eriksson Ek in neutral zone.
3:24 of 1st period - Joel Eriksson Ek is hit by Charles McAvoy and loses puck.
3:35 of 1st period - Shot by Frank Vatrano.
3:35 of 1st period - Deflect By Wyatt Johnston.
3:35 of 1st period - Stopped by Jordan Binnington with a rebound.
3:37 of 1st period - Shot by Charles McAvoy.
3:37 of 1st period - Stopped by Jordan Binnington without a rebound.
3:38 of 1st period - Elias Lindholm wins face-off versus Mark Kastelic in BANFF WOLVES zone.
3:38 of 1st period - Elias Lindholm is hit by Mark Kastelic.
3:50 of 1st period - Shot by Roope Hintz.
3:50 of 1st period - Deflect By Mats Zuccarello.
3:50 of 1st period - Stopped by Connor Hellebuyck with a rebound.
3:53 of 1st period - Minor Penalty to Alexandre Carrier for Hooking.
3:54 of 1st period - Drake Batherson wins face-off versus Timo Meier in SAN DIEGO THUNDER zone.
4:07 of 1st period - Charles McAvoy is hit by Joel Eriksson Ek and loses puck.
4:17 of 1st period - Quinton Hughes is hit by Connor Murphy and loses puck.
4:37 of 1st period - Shot by Quinton Hughes.
4:37 of 1st period - Goal by Quinton Hughes - SAN DIEGO THUNDER : 0 - BANFF WOLVES : 1.
4:38 of 1st period - Mark Kastelic wins face-off versus Elias Lindholm in neutral zone.
4:50 of 1st period - Mats Zuccarello is hit by Adam Boqvist and loses puck.
5:07 of 1st period - Elias Lindholm is hit by Alexandre Carrier and loses puck.
5:22 of 1st period - Shot by Elias Lindholm.
5:22 of 1st period - Shot Misses the Net.
5:43 of 1st period - Icing by Quinton Hughes.
5:44 of 1st period - Wyatt Johnston wins face-off versus Jordan Staal in BANFF WOLVES zone.
5:49 of 1st period - Shot by Frank Vatrano.
5:49 of 1st period - Shot Misses the Net.
6:12 of 1st period - Icing by Ian Cole.
6:13 of 1st period - Jordan Staal wins face-off versus Drake Batherson in BANFF WOLVES zone.
6:33 of 1st period - Icing by Derek Forbort.
6:34 of 1st period - Jake Neighbours wins face-off versus Joel Eriksson Ek in SAN DIEGO THUNDER zone.
7:57 of 1st period - Shot by Mats Zuccarello.
7:57 of 1st period - Stopped by Connor Hellebuyck without a rebound.
7:58 of 1st period - Wyatt Johnston wins face-off versus John Tavares in SAN DIEGO THUNDER zone.
8:08 of 1st period - Shot by Frank Vatrano.
8:08 of 1st period - Shot Misses the Net.
8:10 of 1st period - Shot by Frank Vatrano.
8:10 of 1st period - Stopped by Jordan Binnington without a rebound.
8:11 of 1st period - Steven Lorentz wins face-off versus Elias Lindholm in BANFF WOLVES zone.
8:12 of 1st period - Shot by Charles McAvoy.
8:12 of 1st period - Shot Blocked by Quinton Hughes.
8:28 of 1st period - Shot by Roope Hintz.
8:28 of 1st period - Shot Misses the Net.
9:26 of 1st period - Shot by Wyatt Johnston.
9:26 of 1st period - Shot Misses the Net.
9:39 of 1st period - Shot by Joel Eriksson Ek.
9:39 of 1st period - Stopped by Connor Hellebuyck with a rebound.
9:58 of 1st period - Icing by Joel Eriksson Ek.
9:59 of 1st period - Joel Eriksson Ek wins face-off versus Drake Batherson in BANFF WOLVES zone.
10:09 of 1st period - Off-side.
10:10 of 1st period - Jordan Staal wins face-off versus Drake Batherson in neutral zone.
10:17 of 1st period - Shot by Tyler Toffoli.
10:17 of 1st period - Shot Misses the Net.
10:19 of 1st period - Shot by Jordan Staal.
10:19 of 1st period - Stopped by Connor Hellebuyck without a rebound.
10:20 of 1st period - Mark Kastelic wins face-off versus Jordan Staal in SAN DIEGO THUNDER zone.
10:47 of 1st period - Ian Cole is hit by Erik Cernak and loses puck.
11:02 of 1st period - Shot by John Tavares.
11:02 of 1st period - Shot Misses the Net.
11:04 of 1st period - Shot by Jordan Staal.
11:04 of 1st period - Stopped by Connor Hellebuyck with a rebound.
11:24 of 1st period - Frank Vatrano is hit by Elias Lindholm and loses puck.
11:41 of 1st period - Shot by Roope Hintz.
11:41 of 1st period - Shot Misses the Net.
11:45 of 1st period - Shot by Elias Lindholm.
11:45 of 1st period - Stopped by Connor Hellebuyck without a rebound.
11:46 of 1st period - Joel Eriksson Ek wins face-off versus Drake Batherson in SAN DIEGO THUNDER zone.
13:11 of 1st period - Shot by Tyler Toffoli.
13:11 of 1st period - Goal by Tyler Toffoli - SAN DIEGO THUNDER : 0 - BANFF WOLVES : 2.
13:12 of 1st period - Elias Lindholm wins face-off versus Filip Zadina in neutral zone.
13:20 of 1st period - Minor Penalty to Charles McAvoy for Hooking.
13:21 of 1st period - Drake Batherson wins face-off versus Tyler Toffoli in SAN DIEGO THUNDER zone.
14:22 of 1st period - Shot by Roope Hintz.
14:22 of 1st period - Deflect By Joel Eriksson Ek.
14:22 of 1st period - Stopped by Connor Hellebuyck without a rebound.
14:23 of 1st period - Joel Farabee wins face-off versus Timo Meier in SAN DIEGO THUNDER zone.
14:50 of 1st period - Alexandre Carrier is hit by Timo Meier.
15:28 of 1st period - Shot by Filip Zadina.
15:28 of 1st period - Shot Misses the Net.
15:35 of 1st period - Mats Zuccarello is hit by Erik Cernak and loses puck.
15:40 of 1st period - Shot by Jason Dickinson.
15:40 of 1st period - Stopped by Connor Hellebuyck without a rebound.
15:41 of 1st period - Jordan Staal wins face-off versus Wyatt Johnston in SAN DIEGO THUNDER zone.
15:55 of 1st period - Shot by John Tavares.
15:55 of 1st period - Shot Misses the Net.
16:17 of 1st period - Shot by John Tavares.
16:17 of 1st period - Stopped by Connor Hellebuyck without a rebound.
16:18 of 1st period - Mark Kastelic wins face-off versus Joel Eriksson Ek in SAN DIEGO THUNDER zone.
16:18 of 1st period - Mark Kastelic is hit by Timo Meier.
16:50 of 1st period - Mark Kastelic is hit by Timo Meier and loses puck.
17:06 of 1st period - Shot by Timo Meier.
17:06 of 1st period - Stopped by Connor Hellebuyck without a rebound.
17:07 of 1st period - Elias Lindholm wins face-off versus Wyatt Johnston in SAN DIEGO THUNDER zone.
17:25 of 1st period - Elias Lindholm is hit by Charles McAvoy and loses puck.
18:21 of 1st period - Shot by Tyler Toffoli.
18:21 of 1st period - Goal by Tyler Toffoli - SAN DIEGO THUNDER : 0 - BANFF WOLVES : 3.
18:22 of 1st period - Joel Eriksson Ek wins face-off versus Drake Batherson in neutral zone.
18:46 of 1st period - Shot by Timo Meier.
18:46 of 1st period - Shot Blocked by Alexandre Carrier.
18:52 of 1st period - Shot by Joel Eriksson Ek.
18:52 of 1st period - Stopped by Connor Hellebuyck without a rebound.
18:53 of 1st period - Jordan Staal wins face-off versus Steven Lorentz in SAN DIEGO THUNDER zone.
19:40 of 1st period - Minor Penalty to Derek Forbort for Hooking.
19:41 of 1st period - Elias Lindholm wins face-off versus Joel Farabee in SAN DIEGO THUNDER zone.
Goals for this period are 0 for SAN DIEGO THUNDER vs 3 for BANFF WOLVES.
Shots for this period are 3 for SAN DIEGO THUNDER vs 14 for BANFF WOLVES.

2nd period


0:01 of 2nd period - Elias Lindholm wins face-off versus Drake Batherson in neutral zone.
0:35 of 2nd period - Shot by Mats Zuccarello.
0:35 of 2nd period - Shot Misses the Net.
0:39 of 2nd period - Shot by Tyler Toffoli.
0:39 of 2nd period - Shot Misses the Net.
1:16 of 2nd period - Shot by John Tavares.
1:16 of 2nd period - Shot Misses the Net.
1:45 of 2nd period - Joel Eriksson Ek is hit by Derek Forbort and loses puck.
2:02 of 2nd period - Shot by Jason Dickinson.
2:02 of 2nd period - Stopped by Connor Hellebuyck with a rebound.
2:04 of 2nd period - Shot by Jason Dickinson.
2:04 of 2nd period - Stopped by Connor Hellebuyck with a rebound.
2:30 of 2nd period - Tyler Toffoli is hit by Derek Forbort and loses puck.
3:41 of 2nd period - Shot by Mats Zuccarello.
3:41 of 2nd period - Deflect By Elias Lindholm.
3:41 of 2nd period - Shot Misses the Net.
3:48 of 2nd period - Icing by Derek Forbort.
3:49 of 2nd period - Mark Kastelic wins face-off versus Joel Eriksson Ek in SAN DIEGO THUNDER zone.
3:49 of 2nd period - Mark Kastelic is hit by Timo Meier.
4:03 of 2nd period - Shot by Adam Henrique.
4:03 of 2nd period - Stopped by Connor Hellebuyck with a rebound.
4:14 of 2nd period - Joel Eriksson Ek is hit by Connor Murphy and loses puck.
4:17 of 2nd period - Shot by Joel Eriksson Ek.
4:17 of 2nd period - Shot Misses the Net.
4:20 of 2nd period - Adam Henrique is hit by Connor Murphy.
4:26 of 2nd period - Shot by Joel Eriksson Ek.
4:26 of 2nd period - Shot Blocked by Connor Murphy.
4:28 of 2nd period - Shot by Joel Eriksson Ek.
4:28 of 2nd period - Deflect By Timo Meier.
4:28 of 2nd period - Stopped by Connor Hellebuyck without a rebound.
4:29 of 2nd period - Wyatt Johnston wins face-off versus Jordan Staal in SAN DIEGO THUNDER zone.
4:29 of 2nd period - Wyatt Johnston is hit by Jordan Staal.
4:58 of 2nd period - Minor Penalty to Charles McAvoy for Hooking.
4:59 of 2nd period - Tyler Toffoli wins face-off versus Drake Batherson in SAN DIEGO THUNDER zone.
5:25 of 2nd period - Shot by Elias Lindholm.
5:25 of 2nd period - Deflect By Tyler Toffoli.
5:25 of 2nd period - Stopped by Connor Hellebuyck with a rebound.
6:01 of 2nd period - Shot by Adam Henrique.
6:01 of 2nd period - Deflect By John Tavares.
6:01 of 2nd period - Stopped by Connor Hellebuyck without a rebound.
6:02 of 2nd period - Joel Farabee wins face-off versus Joel Eriksson Ek in SAN DIEGO THUNDER zone.
6:02 of 2nd period - Joel Farabee is hit by Timo Meier.
6:43 of 2nd period - Shot by Quinton Hughes.
6:43 of 2nd period - Shot Misses the Net.
6:45 of 2nd period - Shot by Joel Eriksson Ek.
6:45 of 2nd period - Shot Misses the Net.
6:47 of 2nd period - Shot by Adam Henrique.
6:47 of 2nd period - Stopped by Connor Hellebuyck without a rebound.
6:48 of 2nd period - Elias Lindholm wins face-off versus Joel Farabee in SAN DIEGO THUNDER zone.
7:12 of 2nd period - Elias Lindholm is hit by Charles McAvoy and loses puck.
8:21 of 2nd period - Shot by Joel Farabee.
8:21 of 2nd period - Stopped by Jordan Binnington without a rebound.
8:22 of 2nd period - Steven Lorentz wins face-off versus Joel Eriksson Ek in BANFF WOLVES zone.
8:22 of 2nd period - Minor Penalty to Simon Benoit for Delaying the game.
8:23 of 2nd period - Joel Eriksson Ek wins face-off versus Drake Batherson in BANFF WOLVES zone.
8:58 of 2nd period - Icing by Connor Murphy.
8:59 of 2nd period - Joel Eriksson Ek wins face-off versus Drake Batherson in SAN DIEGO THUNDER zone.
9:55 of 2nd period - Shot by Charles McAvoy.
9:55 of 2nd period - Stopped by Jordan Binnington without a rebound.
9:56 of 2nd period - Joel Eriksson Ek wins face-off versus Wyatt Johnston in BANFF WOLVES zone.
10:55 of 2nd period - Shot by Mark Kastelic.
10:55 of 2nd period - Stopped by Jordan Binnington without a rebound.
10:56 of 2nd period - Joel Eriksson Ek wins face-off versus Drake Batherson in BANFF WOLVES zone.
10:56 of 2nd period - Joel Eriksson Ek is hit by Joel Farabee.
11:40 of 2nd period - Shot by Joel Eriksson Ek.
11:40 of 2nd period - Shot Misses the Net.
11:44 of 2nd period - Shot by Joel Eriksson Ek.
11:44 of 2nd period - Shot Blocked by Alexandre Carrier.
12:00 of 2nd period - Shot by Elias Lindholm.
12:00 of 2nd period - Goal by Elias Lindholm - SAN DIEGO THUNDER : 0 - BANFF WOLVES : 4.
12:01 of 2nd period - Jordan Staal wins face-off versus Steven Lorentz in neutral zone.
12:06 of 2nd period - Tyler Toffoli is hit by Connor Murphy and loses puck.
12:30 of 2nd period - Quinton Hughes is hit by Derek Forbort and loses puck.
12:52 of 2nd period - Off-side.
12:53 of 2nd period - Elias Lindholm wins face-off versus Drake Batherson in neutral zone.
13:11 of 2nd period - Minor Penalty to Miro Heiskanen for Tripping.
13:12 of 2nd period - Joel Eriksson Ek wins face-off versus Wyatt Johnston in BANFF WOLVES zone.
13:33 of 2nd period - Shot by Frank Vatrano.
13:33 of 2nd period - Stopped by Jordan Binnington without a rebound.
13:34 of 2nd period - Joel Eriksson Ek wins face-off versus Drake Batherson in BANFF WOLVES zone.
13:57 of 2nd period - Shot by Charles McAvoy.
13:57 of 2nd period - Stopped by Jordan Binnington with a rebound.
14:33 of 2nd period - Shot by Wyatt Johnston.
14:33 of 2nd period - Stopped by Jordan Binnington without a rebound.
14:34 of 2nd period - Elias Lindholm wins face-off versus Wyatt Johnston in BANFF WOLVES zone.
15:00 of 2nd period - Shot by Wyatt Johnston.
15:00 of 2nd period - Shot Misses the Net.
15:17 of 2nd period - Minor Penalty to Mark Kastelic for Holding.
15:18 of 2nd period - Elias Lindholm wins face-off versus Drake Batherson in SAN DIEGO THUNDER zone.
15:27 of 2nd period - Shot by Elias Lindholm.
15:27 of 2nd period - Stopped by Connor Hellebuyck without a rebound.
15:28 of 2nd period - Elias Lindholm wins face-off versus Drake Batherson in SAN DIEGO THUNDER zone.
16:07 of 2nd period - Shot by Quinton Hughes.
16:07 of 2nd period - Stopped by Connor Hellebuyck without a rebound.
16:08 of 2nd period - Joel Eriksson Ek wins face-off versus Joel Farabee in SAN DIEGO THUNDER zone.
16:10 of 2nd period - Minor Penalty to Timo Meier for Cross-checking.
16:11 of 2nd period - Elias Lindholm wins face-off versus Drake Batherson in BANFF WOLVES zone.
16:32 of 2nd period - Shot by Drake Batherson.
16:32 of 2nd period - Shot Misses the Net.
17:10 of 2nd period - Shot by Wyatt Johnston.
17:10 of 2nd period - Stopped by Jordan Binnington without a rebound.
17:11 of 2nd period - Joel Farabee wins face-off versus Joel Eriksson Ek in BANFF WOLVES zone.
17:18 of 2nd period - Shot by Wyatt Johnston.
17:18 of 2nd period - Shot Blocked by Quinton Hughes.
17:26 of 2nd period - Shot by Frank Vatrano.
17:26 of 2nd period - Shot Misses the Net.
17:28 of 2nd period - Shot by Charles McAvoy.
17:28 of 2nd period - Stopped by Jordan Binnington without a rebound.
17:29 of 2nd period - Wyatt Johnston wins face-off versus Joel Eriksson Ek in BANFF WOLVES zone.
18:19 of 2nd period - Adam Boqvist is hit by Jordan Staal and loses puck.
18:28 of 2nd period - Shot by Tyler Toffoli.
18:28 of 2nd period - Shot Misses the Net.
18:47 of 2nd period - Icing by Adam Boqvist.
18:48 of 2nd period - Steven Lorentz wins face-off versus Joel Eriksson Ek in SAN DIEGO THUNDER zone.
18:48 of 2nd period - Steven Lorentz is hit by Eric Staal.
19:06 of 2nd period - Shot by Joel Eriksson Ek.
19:06 of 2nd period - Deflect By Jason Dickinson.
19:06 of 2nd period - Shot Misses the Net.
19:08 of 2nd period - Shot by Joel Eriksson Ek.
19:08 of 2nd period - Stopped by Connor Hellebuyck without a rebound.
19:09 of 2nd period - Elias Lindholm wins face-off versus Drake Batherson in SAN DIEGO THUNDER zone.
19:14 of 2nd period - Shot by Roope Hintz.
19:14 of 2nd period - Stopped by Connor Hellebuyck with a rebound.
19:39 of 2nd period - Icing by Drake Batherson.
19:40 of 2nd period - Drake Batherson wins face-off versus Joel Eriksson Ek in SAN DIEGO THUNDER zone.
19:55 of 2nd period - Shot by Drake Batherson.
19:55 of 2nd period - Shot Blocked by Ian Cole.
19:57 of 2nd period - Shot by Charles McAvoy.
19:57 of 2nd period - Shot Misses the Net.
19:59 of 2nd period - Shot by Erik Cernak.
19:59 of 2nd period - Stopped by Jordan Binnington without a rebound.
Goals for this period are 0 for SAN DIEGO THUNDER vs 1 for BANFF WOLVES.
Shots for this period are 9 for SAN DIEGO THUNDER vs 12 for BANFF WOLVES.

3rd period


0:01 of 3rd period - Joel Eriksson Ek wins face-off versus Wyatt Johnston in neutral zone.
0:12 of 3rd period - Shot by Joel Eriksson Ek.
0:12 of 3rd period - Stopped by Connor Hellebuyck without a rebound.
0:13 of 3rd period - Elias Lindholm wins face-off versus Drake Batherson in SAN DIEGO THUNDER zone.
0:37 of 3rd period - Icing by Derek Forbort.
0:38 of 3rd period - Joel Eriksson Ek wins face-off versus Drake Batherson in SAN DIEGO THUNDER zone.
0:54 of 3rd period - Minor Penalty to Connor Murphy for Hooking.
0:55 of 3rd period - Elias Lindholm wins face-off versus Drake Batherson in SAN DIEGO THUNDER zone.
1:14 of 3rd period - Shot by Mats Zuccarello.
1:14 of 3rd period - Shot Misses the Net.
1:21 of 3rd period - Icing by Quinton Hughes.
1:22 of 3rd period - Elias Lindholm wins face-off versus Drake Batherson in BANFF WOLVES zone.
1:26 of 3rd period - Icing by Tyler Toffoli.
1:27 of 3rd period - Mats Zuccarello wins face-off versus Drake Batherson in BANFF WOLVES zone.
1:34 of 3rd period - Charles McAvoy is hit by Mats Zuccarello and loses puck.
2:33 of 3rd period - Shot by Timo Meier.
2:33 of 3rd period - Stopped by Connor Hellebuyck with a rebound.
2:35 of 3rd period - Shot by Joel Eriksson Ek.
2:35 of 3rd period - Shot Misses the Net.
2:37 of 3rd period - Shot by Joel Eriksson Ek.
2:37 of 3rd period - Shot Misses the Net.
2:39 of 3rd period - Shot by John Tavares.
2:39 of 3rd period - Stopped by Connor Hellebuyck with a rebound.
2:41 of 3rd period - Shot by Miro Heiskanen.
2:41 of 3rd period - Shot Misses the Net.
2:52 of 3rd period - Shot by John Tavares.
2:52 of 3rd period - Shot Blocked by Charles McAvoy.
3:04 of 3rd period - Shot by Jason Dickinson.
3:04 of 3rd period - Stopped by Connor Hellebuyck without a rebound.
3:05 of 3rd period - Jordan Staal wins face-off versus Steven Lorentz in SAN DIEGO THUNDER zone.
3:12 of 3rd period - Shot by John Tavares.
3:12 of 3rd period - Shot Misses the Net.
3:16 of 3rd period - Shot by John Tavares.
3:16 of 3rd period - Shot Misses the Net.
3:18 of 3rd period - Shot by John Tavares.
3:18 of 3rd period - Goal by John Tavares - SAN DIEGO THUNDER : 0 - BANFF WOLVES : 5.
3:19 of 3rd period - Elias Lindholm wins face-off versus Drake Batherson in neutral zone.
3:46 of 3rd period - Shot by Joel Farabee.
3:46 of 3rd period - Shot Blocked by Miro Heiskanen.
3:48 of 3rd period - Shot by Drake Batherson.
3:48 of 3rd period - Stopped by Jordan Binnington without a rebound.
3:49 of 3rd period - Wyatt Johnston wins face-off versus Joel Eriksson Ek in BANFF WOLVES zone.
3:53 of 3rd period - Icing by Ian Cole.
3:54 of 3rd period - Joel Eriksson Ek wins face-off versus Wyatt Johnston in BANFF WOLVES zone.
4:15 of 3rd period - Shot by Frank Vatrano.
4:15 of 3rd period - Stopped by Jordan Binnington with a rebound.
5:34 of 3rd period - Connor Murphy is hit by Roope Hintz and loses puck.
6:11 of 3rd period - Shot by Jordan Staal.
6:11 of 3rd period - Shot Misses the Net.
6:13 of 3rd period - Shot by John Tavares.
6:13 of 3rd period - Goal by John Tavares - SAN DIEGO THUNDER : 0 - BANFF WOLVES : 6.
6:13 of 3rd period - Matt Villalta enters game.
6:14 of 3rd period - Drake Batherson wins face-off versus Joel Eriksson Ek in neutral zone.
6:24 of 3rd period - Off-side.
6:25 of 3rd period - Joel Eriksson Ek wins face-off versus Drake Batherson in neutral zone.
6:36 of 3rd period - Quinton Hughes is hit by Jake Neighbours and loses puck.
6:49 of 3rd period - Shot by Drake Batherson.
6:49 of 3rd period - Stopped by Jordan Binnington without a rebound.
6:50 of 3rd period - Elias Lindholm wins face-off versus Wyatt Johnston in BANFF WOLVES zone.
6:50 of 3rd period - Elias Lindholm is hit by Frank Vatrano.
6:56 of 3rd period - Charles McAvoy is hit by Mats Zuccarello.
7:06 of 3rd period - Shot by Frank Vatrano.
7:06 of 3rd period - Shot Misses the Net.
7:24 of 3rd period - Shot by Frank Vatrano.
7:24 of 3rd period - Shot Hit the Post.
8:38 of 3rd period - Icing by Derek Forbort.
8:39 of 3rd period - Jordan Staal wins face-off versus Joel Farabee in SAN DIEGO THUNDER zone.
9:25 of 3rd period - Shot by Steven Lorentz.
9:25 of 3rd period - Shot Misses the Net.
9:27 of 3rd period - Shot by Alexandre Carrier.
9:27 of 3rd period - Shot Blocked by Simon Benoit.
9:29 of 3rd period - Shot by Adam Boqvist.
9:29 of 3rd period - Stopped by Jordan Binnington without a rebound.
9:30 of 3rd period - Elias Lindholm wins face-off versus Wyatt Johnston in BANFF WOLVES zone.
10:01 of 3rd period - Shot by Mats Zuccarello.
10:01 of 3rd period - Deflect By Roope Hintz.
10:01 of 3rd period - Shot Blocked by Isac Lundestrom.
10:18 of 3rd period - Mats Zuccarello is hit by Charles McAvoy and loses puck.
10:40 of 3rd period - Shot by Timo Meier.
10:40 of 3rd period - Stopped by Matt Villalta with a rebound.
10:42 of 3rd period - Shot by Ian Cole.
10:42 of 3rd period - Stopped by Matt Villalta without a rebound.
10:43 of 3rd period - Jordan Staal wins face-off versus Drake Batherson in SAN DIEGO THUNDER zone.
12:36 of 3rd period - John Tavares is hit by Mark Kastelic and loses puck.
12:51 of 3rd period - Icing by Erik Cernak.
12:52 of 3rd period - Mark Kastelic wins face-off versus Joel Eriksson Ek in SAN DIEGO THUNDER zone.
13:07 of 3rd period - Minor Penalty to Timo Meier for Holding.
13:08 of 3rd period - Elias Lindholm wins face-off versus Wyatt Johnston in BANFF WOLVES zone.
13:17 of 3rd period - Ian Cole is hit by Frank Vatrano and loses puck.
13:24 of 3rd period - Shot by Wyatt Johnston.
13:24 of 3rd period - Stopped by Jordan Binnington with a rebound.
13:26 of 3rd period - Shot by Frank Vatrano.
13:26 of 3rd period - Stopped by Jordan Binnington with a rebound.
13:28 of 3rd period - Shot by Frank Vatrano.
13:28 of 3rd period - Deflect By Wyatt Johnston.
13:28 of 3rd period - Shot Misses the Net.
13:30 of 3rd period - Shot by Derek Forbort.
13:30 of 3rd period - Shot Misses the Net.
14:12 of 3rd period - Shot by Joel Farabee.
14:12 of 3rd period - Shot Misses the Net.
14:26 of 3rd period - Shot by Charles McAvoy.
14:26 of 3rd period - Stopped by Jordan Binnington with a rebound.
15:17 of 3rd period - Shot by Frank Vatrano.
15:17 of 3rd period - Deflect By Mark Kastelic.
15:17 of 3rd period - Stopped by Jordan Binnington with a rebound.
15:26 of 3rd period - Icing by Miro Heiskanen.
15:27 of 3rd period - Steven Lorentz wins face-off versus Elias Lindholm in BANFF WOLVES zone.
16:03 of 3rd period - Icing by Cam Fowler.
16:04 of 3rd period - Elias Lindholm wins face-off versus Wyatt Johnston in BANFF WOLVES zone.
16:23 of 3rd period - Shot by Joel Eriksson Ek.
16:23 of 3rd period - Shot Misses the Net.
16:41 of 3rd period - Shot by Wyatt Johnston.
16:41 of 3rd period - Shot Misses the Net.
17:47 of 3rd period - Shot by John Tavares.
17:47 of 3rd period - Shot Misses the Net.
17:49 of 3rd period - Shot by Jordan Staal.
17:49 of 3rd period - Shot Blocked by Erik Cernak.
18:24 of 3rd period - Icing by Alexandre Carrier.
18:25 of 3rd period - Joel Eriksson Ek wins face-off versus Mark Kastelic in SAN DIEGO THUNDER zone.
18:29 of 3rd period - Adam Henrique is hit by Alexandre Carrier and loses puck.
18:44 of 3rd period - Shot by Joel Eriksson Ek.
18:44 of 3rd period - Shot Misses the Net.
18:50 of 3rd period - Quinton Hughes is hit by Mark Kastelic and loses puck.
19:22 of 3rd period - Shot by Wyatt Johnston.
19:22 of 3rd period - Shot Hit the Post.
19:58 of 3rd period - Shot by Steven Lorentz.
19:58 of 3rd period - Stopped by Jordan Binnington without a rebound.
19:59 of 3rd period - Elias Lindholm wins face-off versus Drake Batherson in BANFF WOLVES zone.
19:59 of 3rd period - Elias Lindholm is hit by Jake Neighbours.
Goals for this period are 0 for SAN DIEGO THUNDER vs 2 for BANFF WOLVES.
Shots for this period are 9 for SAN DIEGO THUNDER vs 8 for BANFF WOLVES.


BRAD
MARCHAND
ANZE
KOPITAR
JAMIE
BENN

EAST COAST

HOCKEY LEAGUE

  • 69.QUE5CHW3
  • 70.CHA3TRV4
  • 71.PITRHI
  • 72.ATLWOR